 Dungeon Crawl Stone Soup version 0.31-a0-313-g785cd24033 (webtiles) character file.

Game seed: 5530404254878172313

985 AdnanSaban the Cudgeller (level 8, -6/49 HPs)
             Began as a Gargoyle Fighter on July 17, 2023.
             Mangled by Prince Ribbit (9 damage)
             ... on level 5 of the Dungeon.
             The game lasted 00:09:10 (3915 turns).

AdnanSaban the Cudgeller (Gargoyle Fighter)         Turns: 3915, Time: 00:09:11

Health: -6/49      AC: 21    Str: 22    XL:     8   Next: 18%
Magic:  8/8        EV:  6    Int:  9    God:
Gold:   199        SH:  4    Dex:  9    Spells: 7/7 levels left

rFire   . . .        B - +3 morningstar (holy)
rCold   . . .        c - +0 buckler
rNeg    + . .        y - +0 plate armour
rPois   ∞            (no helmet)
rElec   +            u - +0 cloak
rCorr   .            f - +0 pair of gloves
SInv    .            a - +0 pair of boots
Will    +....        (no amulet) Stlth
                     v - ring of willpower
HPRegen 0.28/turn    (no ring)
MPRegen 0.11/turn

%: no passive effects
@: no status effects
A: sickness immunity, AC +5, negative energy resistance 1, electricity
resistance, torment resistance 1, petrification resistance
a: no special abilities


You were on level 5 of the Dungeon.
You visited 1 branch of the dungeon, and saw 5 of its levels.

You collected 199 gold pieces.

Inventory:

Hand Weapons
 B - a +3 morningstar of holy wrath (weapon)
Armour
 a - a +0 pair of boots (worn)
 c - a +0 buckler (worn)
 f - a +0 pair of gloves (worn)
 u - a +0 cloak (worn)
 y - a +0 plate armour (worn)
Jewellery
 q - a +4 ring of protection
 v - a ring of willpower (left hand)
Wands
 A - a wand of mindburst (21)
Scrolls
 h - 2 scrolls of blinking {unknown}
 k - a scroll of teleportation {unknown}
 n - 6 scrolls of identify {unknown}
 r - a scroll of enchant weapon {unknown}
 s - a scroll of revelation {unknown}
 w - 2 scrolls of brand weapon {unknown}
 z - 2 scrolls of fear {unknown}
 D - a scroll of immolation {unknown}
Potions
 b - a potion of enlightenment {unknown}
 d - a potion of might
 e - a potion of lignification {unknown}
 g - a potion of heal wounds {unknown}
 i - a potion of magic {unknown}
 j - 2 potions of degeneration {unknown}
 l - a potion of brilliance {unknown}
 m - 3 potions of mutation {unknown}
 o - 4 potions of curing {unknown}
 p - a potion of resistance {unknown}
 t - 2 potions of haste {unknown}
 x - a potion of berserk rage {unknown}
 C - a potion of invisibility {unknown}


   Skills:
 + Level 5.1 Fighting
 + Level 7.0 Maces & Flails
 + Level 5.6 Armour
 + Level 4.5 Shields


You had 7 spell levels left.
You didn't know any spells.
Your spell library contained the following spells:

 Spells                   Type           Power      Damage    Failure   Level
 Freeze                   Ice            0%         1d3       100%        1
 Magic Dart               Conj           0%         1d3       100%        1
 Sandblast                Erth           0%         2d4       100%        1
 Passwall                 Tmut/Erth      0%         N/A       100%        2
 Searing Ray              Conj           0%         2d4       100%        2
 Frozen Ramparts          Ice            0%         1d1       100%        3
 Hailstorm                Conj/Ice       0%         3d3       100%        3
 Stone Arrow              Conj/Erth      0%         3d7       100%        3
 Animate Armour           Summ/Erth      0%         N/A       100%        4
 Fulminant Prism          Conj/Hex       0%         3d5       100%        4
 Leda's Liquefaction      Hex/Erth       0%         N/A       100%        4
 Lee's Rapid Deconstruct  Erth           0%         3d4*      100%        5
 Leda's Unmaking          Conj/Erth      0%         9d1       100%        6
 Lehudib's Crystal Spear  Conj/Erth      0%         10d2      100%        8


Dungeon Overview and Level Annotations

Branches:
Dungeon (5/15)
 Temple: D:4-7

Altars:
Cheibriados
Dithmenos
Uskayaw

Shops:
D:4 ?   D:5 [

Annotations:
D:5 Prince Ribbit


Innate Abilities, Weirdness & Mutations

You are immune to sickness and miasma.
Your stone body is resilient. (AC +5)
You are immune to poison.
You resist negative energy. (rN+)
You are resistant to electric shocks. (rElec)
You are resistant to unholy torment.
You are immune to petrification.


Message History

You closely miss Prince Ribbit.
Prince Ribbit is heavily wounded.
Prince Ribbit hits you but does no damage.
You closely miss Prince Ribbit.
Prince Ribbit is heavily wounded.
Prince Ribbit hits you.
* * * LOW HITPOINT WARNING * * *
Prince Ribbit hits you but does no damage.
You miss Prince Ribbit.
Prince Ribbit is heavily wounded.
Prince Ribbit hits you but does no damage.
Prince Ribbit hits you.
* * * LOW HITPOINT WARNING * * *
You miss Prince Ribbit.
Prince Ribbit is heavily wounded.
Prince Ribbit blinks!
You barely miss Prince Ribbit.
Prince Ribbit is heavily wounded.
Prince Ribbit hits you but does no damage.
You puncture Prince Ribbit!
Prince Ribbit is severely wounded.
Prince Ribbit blinks! x2
Prince Ribbit hits you but does no damage.
You closely miss Prince Ribbit.
Prince Ribbit is severely wounded.
Prince Ribbit hits you.
* * * LOW HITPOINT WARNING * * *
You barely miss Prince Ribbit.
Prince Ribbit is severely wounded.
Prince Ribbit blinks!
Prince Ribbit lets out a mournful croak.
Prince Ribbit hits you.
* * * LOW HITPOINT WARNING * * *
You barely miss Prince Ribbit.
Prince Ribbit is severely wounded.
Prince Ribbit barely misses you.
You hit Prince Ribbit.
Prince Ribbit is severely wounded.
Prince Ribbit blinks!
Prince Ribbit hits you!
You die...

#.###.###.#.##...# #.# #.#
#.#.####.# #.# #.# #.#.# #.#
### #.# #.# #.#.# #.# ##.##
#<# #.# #.#.# #.# ..#.# #.#
#.# #.#.# ##.##
##.######.###.###.#)###.#.##
#.....................###.#
########......§@F..###.#.##
#####.###.### ##.## #.# #.#
### #.# #.# #.# #.# #.# #.#
#.# #.# #.# #.# #.# #.#


You could see Prince Ribbit.

Vanquished Creatures
  Grinder (D:3)
  2 ogres
  A scorpion (D:5)
  3 orc priests
  A hound (D:3)
  Jessica (D:2)
  Terence (D:2)
  An iguana (D:4)
  4 orc wizards
  Robin (D:1)
  3 gnolls (D:2)
  7 adders
  A white imp (D:5)
  An ufetubus (D:5)
  4 dart slugs
  23 orcs
  3 bats
  5 endoplasms
  9 giant cockroaches
  15 goblins
  4 hobgoblins
  3 jackals (D:5)
  A quokka (D:3)
  7 ball pythons
  2 frilled lizards
  11 kobolds
  2 rats (D:1)
117 creatures vanquished.

Notes
Turn   | Place    | Note
-------+----------+-------------------------------------------
     0 | D:1      | AdnanSaban the Gargoyle Fighter began the quest for the
                  | Orb.
     0 | D:1      | Reached XP level 1. HP: 14/14 MP: 1/1
   199 | D:1      | Reached XP level 2. HP: 16/19 MP: 2/2
   491 | D:2      | Found a faded altar of an unknown god.
   501 | D:2      | Noticed Robin
   626 | D:1      | Reached XP level 3. HP: 23/23 MP: 3/3
   638 | D:1      | Killed Robin
   714 | D:2      | Noticed Jessica
   743 | D:2      | Reached XP level 4. HP: 14/29 MP: 4/4
   748 | D:2      | Reached skill level 3 in Maces & Flails
   752 | D:2      | Killed Jessica
  1083 | D:2      | Found a shadowy altar of Dithmenos.
  1127 | D:2      | Noticed Terence
  1136 | D:2      | Killed Terence
  1137 | D:2      | Reached XP level 5. HP: 16/33 MP: 5/5
  1675 | D:3      | Noticed Grinder
  1677 | D:3      | Paralysed by Grinder for 5 turns
  1705 | D:3      | Paralysed by Grinder for 2 turns
  1788 | D:3      | Reached skill level 4 in Maces & Flails
  1790 | D:3      | Paralysed by Grinder for 2 turns
  1797 | D:3      | Paralysed by Grinder for 4 turns
  2045 | D:3      | Found a hide-covered altar of Uskayaw.
  2235 | D:3      | Paralysed by Grinder for 4 turns
  2249 | D:3      | Killed Grinder
  2250 | D:3      | Reached skill level 5 in Maces & Flails
  2250 | D:3      | Reached skill level 5 in Armour
  2250 | D:3      | Reached XP level 6. HP: 34/39 MP: 6/6
  2250 | D:3      | Reached XP level 7. HP: 38/44 MP: 7/7
  2935 | D:4      | Found a snail-covered altar of Cheibriados.
  2935 | D:4      | Found Weil's Magic Scroll Boutique.
  3203 | D:3      | Reached skill level 6 in Maces & Flails
  3455 | D:5      | Entered Level 5 of the Dungeon
  3510 | D:5      | Found Utuic's Antique Armour Shoppe.
  3645 | D:5      | Reached skill level 5 in Fighting
  3645 | D:5      | Reached XP level 8. HP: 44/49 MP: 8/8
  3847 | D:5      | Reached skill level 7 in Maces & Flails
  3892 | D:5      | Noticed Prince Ribbit
  3915 | D:5      | Mangled by Prince Ribbit

Illustrated notes

Levels and vault maps discovered:
D:1:      dpeg_arrival_connections, layout_rooms
D:2:      layout_basic, shapermc_ecumenical_altar_starsandcircs, basic_altar,
          minmay_misc_feat_diagonals, uniq_jessica, uniq_robin, uniq_terence
D:3:      layout_rooms, nicolae_uskayaw_murder_on_the_dancefloor, uniq_grinder
D:4:      layout_cave_pools, kennysheep_slug_shrine, serial_shops, shop,
          nicolae_zen_rock_garden, amcnicky_mini_pool_small
D:5:      layout_loops_ring, mainiacjoe_overflow_six_doors_small, serial_shops,
          nicolae_shop_gibbet_a_chance, serial_park_tiny_1, uniq_prince_ribbit1

Skill      XL: |  1  2  3  4  5  6  7  8 |
---------------+-------------------------+-----
Maces & Flails | 3 5 6 7 |  7.0
Armour         | 4 5 |  5.6
Fighting       | 4 5 |  5.1
Shields        | 4 |  4.5

Action                     |  1- 3 |  4- 6 |  7- 9 || total
---------------------------+-------+-------+-------++-------
  Melee: Flail             |   100 |    33 |       ||   133
         Morningstar       |       |   117 |   167 ||   284
 Armour: Scale mail        |    62 |    14 |       ||    76
         Chain mail        |       |    90 |    46 ||   136
         Plate armour      |       |       |    74 ||    74
  Dodge: Dodged            |    53 |    78 |    48 ||   179
  Block: Buckler           |    18 |    31 |    40 ||    89

Table legend: (Time is in decaauts)
 A = Elapsed time spent in this place.
 B = Non-inter-level travel time spent in this place.
 C = Inter-level travel time spent in this place.
 D = Time resting spent in this place.
 E = Time spent auto-exploring this place.
 F = Levels seen in this place.
 G = Mean time per level.
                   A        B        C        D        E       F      G
               +--------+--------+--------+--------+--------+-----+--------+
         Total |   4044 |   3815 |    229 |    217 |   2455 |   5 |  808.8 |
       Dungeon |   4044 |   3815 |    229 |    217 |   2455 |   5 |  808.8 |
               +--------+--------+--------+--------+--------+-----+--------+

Top non-repeatable levels by time:
     D:2: 1291 daAuts
     D:3: 875 daAuts
     D:4: 790 daAuts
     D:1: 615 daAuts
     D:5: 473 daAuts
